 Dungeon Crawl Stone Soup version 0.29.1-15-g9cfb28693d (webtiles) character file.

Game seed: 11890702580640363617

89 kingofthe the Chopper (level 4, -11/44 HPs)
             Began as a Gnoll Chaos Knight on Mar 19, 2023.
             Was a Plaything of Xom.
             Mangled by a gnoll
             ... wielding a +0 halberd
             ... led by a gnoll bouda
              (12 damage)
             ... on level 2 of the Dungeon.
             The game lasted 00:02:41 (1235 turns).

kingofthe the Chopper (Gnoll Chaos Knight)          Turns: 1235, Time: 00:02:43

Health: -11/44     AC:  5    Str: 12    XL:     4   Next: 55%
Magic:  5/9        EV: 13    Int: 11    God:    Xom [..*...]
Gold:   84         SH:  0    Dex: 13    Spells: 10/10 levels left

rFire   . . .      SeeInvis .   a - +0 hand axe (chaos)
rCold   . . .      Faith    .   (no shield)
rNeg    . . .      Spirit   .   b - +2 leather armour
rPois   .          Reflect  .   (no helmet)
rElec   .          Harm     .   (no cloak)
rCorr   .          Rampage  .   (no gloves)
Will    .....                   (no boots)
Stlth   ++........              (no amulet)
HPRegen 0.14/turn               (no ring)
MPRegen 0.11/turn               (no ring)

@: no status effects
A: fangs 1, strong nose, distributed training
a: Renounce Religion


You were on level 2 of the Dungeon.
You worshipped Xom.
You were a toy of Xom.
You visited 1 branch of the dungeon, and saw 2 of its levels.

You collected 84 gold pieces.


Innate Abilities, Weirdness & Mutations

You have very sharp teeth.
Your uncanny sense of smell can sniff out nearby items.
Your experience applies equally to all skills.


   Skills:
 + Level 7.7 Fighting
 + Level 3.9 Short Blades
 + Level 3.9 Long Blades
 + Level 7.7 Axes
 + Level 3.9 Maces & Flails
 + Level 3.9 Polearms
 + Level 3.9 Staves
 + Level 3.9 Ranged Weapons
 + Level 3.9 Throwing
 + Level 6.1 Armour
 + Level 4.7 Dodging
 + Level 3.9 Stealth
 + Level 3.9 Shields
 + Level 3.9 Unarmed Combat
 + Level 3.9 Spellcasting
 + Level 3.2 Conjurations
 + Level 3.2 Hexes
 + Level 3.2 Summonings
 + Level 3.2 Necromancy
 + Level 3.2 Translocations
 + Level 3.2 Transmutations
 + Level 3.2 Fire Magic
 + Level 3.2 Ice Magic
 + Level 3.2 Air Magic
 + Level 3.2 Earth Magic
 + Level 3.2 Poison Magic
 + Level 4.2 Invocations
 + Level 3.9 Evocations


You had 10 spell levels left.
You didn't know any spells.
Your spell library contained the following spells:

 Spells                   Type           Power      Damage    Failure   Level
 Magic Dart               Conj           36%        1d4       8%          1
 Call Imp                 Summ           9%         N/A       12%         2
 Mephitic Cloud           Conj/Pois/Air  9%         N/A       24%         3

Inventory:

Hand Weapons
 a - a +0 hand axe of chaos (weapon)
Armour
 b - a +2 leather armour (worn)
Scrolls
 d - a scroll of enchant weapon {unknown}
 e - a scroll of noise {unknown}
 f - a scroll of acquirement {unknown}
 g - a scroll of identify {unknown}
 h - a scroll of magic mapping {unknown}
 j - 3 scrolls of teleportation {unknown}
Potions
 i - a potion of ambrosia {unknown}
Miscellaneous
 c - a piece from Xom's chessboard (15/15) (quivered)

Dungeon Overview and Level Annotations

Branches:
Dungeon (2/15)

Altars:

#..........................
#.#########################
#.#..# #.#..######
#.#.......# #.##.####.#
#....#....#
########.#########
............@.g..#
.#######.#######g# #.#.<#
#.# #....# #g# ###### #.# ∆
#.# #g# #J# ....>..gg...g..


You could see 2 gnolls.


Message History

The gnoll misses you. The gnoll hits you with a +0 spear.
The gnoll barely misses you. The gnoll closely misses you.
You hit the gnoll.
The gnoll is moderately wounded.
The gnoll barely misses you. The gnoll misses you.
The gnoll hits you but does no damage. The gnoll hits you with a +0 spear.
You hit the gnoll.
The gnoll is poisoned.
The gnoll is severely wounded.
The gnoll barely misses you.
The gnoll hits you from afar with a +0 halberd.
The gnoll hits you from afar with a +0 halberd!
* * * LOW HITPOINT WARNING * * *
An endoplasm comes into view.
The gnoll hits you from afar with a +0 halberd!
* * * LOW HITPOINT WARNING * * *
You are too injured to fight recklessly!
The gnoll hits you from afar with a +0 spear.
* * * LOW HITPOINT WARNING * * *
Your giant cockroach zombie closely misses the gnoll.
The gnoll misses you.
You kill the gnoll!
The gnoll hits your giant cockroach zombie with a +0 halberd!
Your giant cockroach zombie is destroyed!
The gnoll bouda barks out a call to the hunt!
The gnoll hits you from afar with a +0 halberd!
* * * LOW HITPOINT WARNING * * *
The gnoll hits you from afar with a +0 halberd!
You die...
Xom roars with laughter!

Skill      XL: |  1  2  3 |
---------------+----------+-----
Invocations    | 4 |  4.2
Fighting       | 7 |  7.7
Short Blades   | 3 |  3.9
Long Blades    | 3 |  3.9
Axes           | 7 |  7.7
Maces & Flails | 3 |  3.9
Polearms       | 3 |  3.9
Staves         | 3 |  3.9
Ranged Weapons | 3 |  3.9
Throwing       | 3 |  3.9
Armour         | 6 |  6.1
Dodging        | 4 |  4.7
Stealth        | 3 |  3.9
Shields        | 3 |  3.9
Unarmed Combat | 3 |  3.9
Spellcasting   | 3 |  3.9
Conjurations   | 3 |  3.2
Hexes          | 3 |  3.2
Summonings     | 3 |  3.2
Necromancy     | 3 |  3.2
Translocations | 3 |  3.2
Transmutations | 3 |  3.2
Fire Magic     | 3 |  3.2
Ice Magic      | 3 |  3.2
Air Magic      | 3 |  3.2
Earth Magic    | 3 |  3.2
Poison Magic   | 3 |  3.2
Evocations     | 3 |  3.9

Action                   |  1- 3 |  4- 6 || total
-------------------------+-------+-------++-------
Melee: Hand axe          |    81 |     4 ||    85
       Bite              |     7 |       ||     7
       Punch             |     1 |       ||     1
 Stab: Sleeping          |     1 |       ||     1
Armor: Leather armour    |    45 |     1 ||    46
Dodge: Dodged            |    67 |    14 ||    81

Levels and vault maps discovered:
D:1:      matt_arrival_diagonals, layout_loops_corners, minmay_misc_feat_cross
D:2:      layout_basic, basic_ecumenical_altar

Notes
Turn   | Place    | Note
-------+----------+-------------------------------------------
     0 | D:1      | kingofthe the Gnoll Chaos Knight began the quest for the
                  | Orb.
     0 | D:1      | Reached XP level 1. HP: 23/23 MP: 1/1
   270 | D:1      | XOM: divination: detect items
   280 | D:1      | Reached XP level 2. HP: 29/29 MP: 2/2
   466 | D:1      | XOM: silly message
   472 | D:1      | XOM: silly message
   583 | D:1      | XOM: divination: detect creatures
   604 | D:1      | XOM: silly message
   690 | D:1      | Reached XP level 3. HP: 30/35 MP: 3/3
  1054 | D:1      | XOM: divination: detect items
  1130 | D:2      | Reached skill level 1 in Invocations
  1219 | D:2      | XOM: potion effect (experience)
  1219 | D:2      | Reached skill level 7 in Fighting
  1219 | D:2      | Reached skill level 3 in Short Blades
  1219 | D:2      | Reached skill level 3 in Long Blades
  1219 | D:2      | Reached skill level 7 in Axes
  1219 | D:2      | Reached skill level 3 in Maces & Flails
  1219 | D:2      | Reached skill level 3 in Polearms
  1219 | D:2      | Reached skill level 3 in Staves
  1219 | D:2      | Reached skill level 3 in Ranged Weapons
  1219 | D:2      | Reached skill level 3 in Throwing
  1219 | D:2      | Reached skill level 6 in Armour
  1219 | D:2      | Reached skill level 4 in Dodging
  1219 | D:2      | Reached skill level 3 in Stealth
  1219 | D:2      | Reached skill level 3 in Shields
  1219 | D:2      | Reached skill level 3 in Unarmed Combat
  1219 | D:2      | Reached skill level 3 in Spellcasting
  1219 | D:2      | Reached skill level 3 in Conjurations
  1219 | D:2      | Reached skill level 3 in Hexes
  1219 | D:2      | Reached skill level 3 in Summonings
  1219 | D:2      | Reached skill level 3 in Necromancy
  1219 | D:2      | Reached skill level 3 in Translocations
  1219 | D:2      | Reached skill level 3 in Transmutations
  1219 | D:2      | Reached skill level 3 in Fire Magic
  1219 | D:2      | Reached skill level 3 in Ice Magic
  1219 | D:2      | Reached skill level 3 in Air Magic
  1219 | D:2      | Reached skill level 3 in Earth Magic
  1219 | D:2      | Reached skill level 3 in Poison Magic
  1219 | D:2      | Reached skill level 4 in Invocations
  1219 | D:2      | Reached skill level 3 in Evocations
  1219 | D:2      | Reached XP level 4. HP: 35/44 MP: 4/9
  1221 | D:2      | XOM: potion effect (heal wounds)
  1232 | D:2      | HP: 1/44 [gnoll/+0 halberd[a gnoll bouda] (7)]
  1235 | D:2      | Mangled by a gnoll

Vanquished Creatures
  A gnoll (D:2)
  3 bats (D:1)
  An endoplasm (D:1)
  A giant cockroach (D:2)
  3 goblins
  4 hobgoblins
  8 jackals (D:1)
  A kobold (D:1)
  3 quokkas
  3 ball pythons (D:1)
  2 frilled lizards (D:1)
30 creatures vanquished.

Vanquished Creatures (others)
  A giant cockroach zombie (D:2)
1 creature vanquished.

Grand Total: 31 creatures vanquished

Table legend: (Time is in decaauts)
 A = Elapsed time spent in this place.
 B = Non-inter-level travel time spent in this place.
 C = Inter-level travel time spent in this place.
 D = Time resting spent in this place.
 E = Time spent auto-exploring this place.
 F = Levels seen in this place.
 G = Mean time per level.
                   A        B        C        D        E       F      G
               +--------+--------+--------+--------+--------+-----+--------+
         Total |   1232 |   1228 |      4 |    159 |    892 |   2 |  616.0 |
       Dungeon |   1232 |   1228 |      4 |    159 |    892 |   2 |  616.0 |
               +--------+--------+--------+--------+--------+-----+--------+

Top non-repeatable levels by time:
     D:1: 1111 daAuts
     D:2: 121 daAuts

Table legend:
 A = Non-vault XP
 B = Vault XP
 C = Vault XP percentage of total XP
 D = Non-vault monster count
 E = Vault monster count
 F = Vault count percentage of total count
                 A         B        C        D         E       F
            +---------+---------+-------+---------+---------+-------
      Total |      67 |       0 |   0.0 |      30 |       0 |   0.0
            +---------+---------+-------+---------+---------+-------
        D:1 |      46 |       0 |   0.0 |      25 |       0 |   0.0
        D:2 |      21 |       0 |   0.0 |       5 |       0 |   0.0
            +---------+---------+-------+---------+---------+-------
